 Dungeon Crawl Stone Soup version 0.18-a0-1120-g03bd624 (webtiles) character file.

105 vatarom the Chopper (level 4, -7/40 HPs)
             Began as a Hill Orc Gladiator on Jan 17, 2016.
             Killed by nerve-wracking pain
             ... invoked by Grinder
              (9 damage)
             ... on level 3 of the Dungeon.
             The game lasted 00:05:40 (1925 turns).

vatarom the Chopper (Hill Orc Gladiator)            Turns: 1925, Time: 00:05:40

Health: -7/40      AC:  5    Str: 17    XL:     4   Next: 81%
Magic:  4/4        EV:  7    Int:  8    God:
Gold:   167        SH:  0    Dex: 12    Spells: 0 memorised, 3 levels left

rFire  . . .     SeeInvis .     a - +0 war axe
rCold  . . .     Gourm    .     b - +0 leather armour
rNeg   . . .     Faith    .     (no shield)
rPois  .         Spirit   .     k - +0 helmet
rElec  .         Dismiss  .     g - +0 cloak
rCorr  .         Reflect  .     (no gloves)
SustAt +         Harm     .     (no boots)
MR     .....                    (no amulet)
Stlth  +.........               (no ring)
                                e - ring of sustain attributes

@: not resistant to hostile enchantments, very unstealthy
A: no striking features
a: no special abilities


You were on level 3 of the Dungeon.
You were not hungry.

You visited 1 branch of the dungeon, and saw 3 of its levels.

You collected 167 gold pieces.

Inventory:

Hand Weapons
 a - a +0 war axe (weapon)
Missiles
 d - 4 throwing nets (quivered)
Armour
 b - a +0 leather armour (worn)
 c - a +0 helmet
 g - a +0 cloak (worn)
 k - a +0 helmet (worn)
Jewellery
 e - a ring of sustain attributes (left hand)
Scrolls
 h - a scroll of fear


   Skills:
 + Level 3.9 Fighting
 - Level 4.0 Axes
 - Level 1.7 Throwing
 - Level 3.7 Armour
 - Level 2.4 Dodging


You had 3 spell levels left.
You didn't know any spells.

Dungeon Overview and Level Annotations

Branches:
Dungeon (3/15)

Altars:
Makhleb
Nemelex Xobeh
Okawaru
Xom

Annotations:
D:3 Grinder; PinkishYellow's ghost, amateur GrGl


Message History

* * * LOW HITPOINT WARNING * * *
Unknown command.
Grinder gestures.
Grinder blinks!
The adder bites you.
* * * LOW HITPOINT WARNING * * *
You barely miss the adder.
The adder is heavily wounded.
The adder barely misses you. The adder bites you.
* * * LOW HITPOINT WARNING * * *
You slash the adder!
You kill the adder!
Grinder gestures.
Grinder blinks!
Grinder gestures at you. Pain shoots through your body!
* * * LOW HITPOINT WARNING * * *
There is an escape hatch in the ceiling, spattered with blood here.
Grinder gestures at you. Pain shoots through your body!
You die...

#........(.....
#.........####.
#...........##.
#.........#.##. #
#########.........#.###
.# #.....%.(..########
# ###.### #..........#
....... #..........#
....... #.....@.5..#
..5.... #..........#
....... #..........#
)...... #........)..#
....... #...........#
....... .............#
######. .....#.#.#####
.# .#####.#.# .### # #.


You could see Grinder.

Vanquished Creatures
  Jessica (D:3)
  A gnoll (D:1)
  An adder (D:3)
  An ooze (D:1)
  2 worms (D:2)
  An orc (D:3)
  3 giant cockroaches
  5 goblins
  7 hobgoblins
  2 jackals (D:1)
  11 kobolds
  3 quokkas
  A ball python (D:3)
  A bat (D:2)
  4 giant newts
  3 rats
47 creatures vanquished.

Notes
Turn   | Place    | Note
--------------------------------------------------------------
     0 | D:1      | vatarom the Hill Orc Gladiator began the quest for the Orb.
     0 | D:1      | Reached XP level 1. HP: 18/18 MP: 1/1
    60 | D:1      | Reached skill level 1 in Armour
    97 | D:1      | Reached XP level 2. HP: 25/25 MP: 2/2
   289 | D:1      | Reached XP level 3. HP: 20/30 MP: 3/3
   585 | D:2      | Found a faded altar to an unknown god.
   606 | D:2      | Found an iron altar of Okawaru.
   611 | D:2      | Found a burning altar of Makhleb.
   668 | D:2      | Found a shimmering altar of Xom.
  1192 | D:3      | Found a sparkling altar of Nemelex Xobeh.
  1198 | D:3      | Noticed Jessica
  1213 | D:3      | Killed Jessica
  1213 | D:3      | Reached XP level 4. HP: 13/38 MP: 4/4
  1398 | D:3      | Noticed PinkishYellow's ghost (amateur GrGl)
  1563 | D:3      | Noticed Grinder
  1924 | D:3      | HP: 2/40 [Grinder/nerve-wracking pain (4)]
  1925 | D:3      | Killed from afar by Grinder

Vault maps used:
D:1:      saegor_arrival_simple_f, st_stairs_4
D:2:      lemuel_crystal_altar, nicolae_overflow_crystal_walls,
          lemuel_crystal_altar, ecumenical_altar_1
D:3:      lemuel_crystal_altar, uniq_jessica, uniq_grinder, uniq_sigmund

Action                   |  1- 3 |  4- 6 || total
-------------------------+-------+-------++-------
Melee: War axe           |    92 |    35 ||   127
Throw: Throwing net      |     1 |       ||     1
  Use: Potion            |     4 |     2 ||     6
       Scroll            |     1 |     3 ||     4
  Eat: Bread ration      |     1 |       ||     1
